 Dungeon Crawl Stone Soup version 0.13.0-6-g40e4d2d (webtiles) character file.

638 Malachi the Shield-Bearer (level 7, 0/63 HPs)
             Began as a Naga Fighter on Oct 15, 2013.
             Was an Initiate of Okawaru.
             Slain by Duvessa
             ... wielding a +1,+0 elven sabre
              (6 damage)
             ... on Level 4 of the Dungeon.
             The game lasted 00:06:31 (3492 turns).

Malachi the Shield-Bearer (Naga Fighter)            Turns: 3492, Time: 00:06:31

HP   0/63        AC  9     Str 23      XL: 7   Next:  1%
MP   6/6         EV  4     Int 10      God: Okawaru [......]
Gold 199         SH  0     Dex 10      Spells:  0 memorised,  6 levels left

Res.Fire  : . . .   See Invis. : +   a - +0 mace
Res.Cold  : . . .   Warding    : .   n - +0 chain mail
Life Prot.: . . .   Conserve   : .   c - +0 shield
Res.Poison: +       Res.Corr.  : .   g - +0 helmet
Res.Elec. : .       Clarity    : .   z - +0 cloak
Sust.Abil.: . .     Spirit.Shd : .   (no gloves)
Res.Mut.  : .       Stasis     : .   (no barding)
Res.Rott. : .       Flight     : .   C - amulet of the gourmand
Gourmand  : +                        (no ring)
                                     t - ring of invisibility

@: about to teleport, confused, very slightly contaminated, hasted, quick,
somewhat resistant to hostile enchantments, extremely unstealthy
A: spit poison, see invisible, deformed body, fast metabolism 1, poison
resistance, slowness 2, AC +2, Str +2, Int +2
a: Spit Poison, Renounce Religion, Evoke Invisibility


You were on level 4 of the Dungeon.
You worshipped Okawaru.
Okawaru was noncommittal.
You were not hungry.

You visited 2 branches of the dungeon, and saw 6 of its levels.

You collected 179 gold pieces.

Inventory:

Hand weapons
 a - a +0,+0 mace (weapon)
 m - a +1,+2 orcish hand axe of freezing (quivered)
Armour
 b - a +0 scale mail
 c - a +0 shield (worn)
 g - a +0 helmet (worn)
 n - a +0 chain mail (worn)
 z - a +0 cloak (worn)
Comestibles
 d - 6 bread rations
 k - 2 pears
 l - an apple
 s - a meat ration
Scrolls
 e - a scroll of magic mapping
 f - 7 scrolls of identify
 h - 2 scrolls of teleportation
 j - 2 scrolls of fog {unknown}
 p - a scroll of enchant armour {unknown}
 r - a scroll of fear {unknown}
 w - a scroll of blinking {unknown}
 y - a scroll of enchant weapon II {unknown}
 A - a scroll of noise {unknown}
 B - 2 scrolls of remove curse {unknown}
Jewellery
 t - a ring of invisibility (left hand)
 C - an amulet of the gourmand (around neck)
Potions
 o - 7 potions of curing
 x - 2 potions of poison


   Skills:
 - Level 3.0 Fighting
 * Level 4.9 Maces & Flails
 - Level 2.4 Armour
 - Level 0.9 Stealth
 * Level 5.0 Shields


You had 6 spell levels left.
You didn't know any spells.

Dungeon Overview and Level Annotations

Branches:
Dungeon (5/27)             Temple (1/1) D:4

Altars:
Elyvilon
Makhleb
Nemelex Xobeh
Okawaru
Trog
Vehumet
Xom
Yredelemnul
Zin
Lugonu

Annotations:
D:4 Dowan, Duvessa


Innate Abilities, Weirdness & Mutations

You cannot wear boots.
You can spit poison.
Your serpentine skin is tough (AC +2).
You have supernaturally acute eyesight.
Armour fits poorly on your strangely shaped body.
Your system is resistant to poisons.
You cover ground very slowly.
Your mind is acute. (Int +2)
You have a fast metabolism.
Your muscles are strong. (Str +2)


Message History

The crimson imp hits you but does no damage.
Duvessa hits you with an elven sabre.
* * * LOW HITPOINT WARNING * * *
You are very lightly contaminated with residual magic.
Drink which item? (? for menu, Esc to quit)
You feel slightly nauseous.
It was a potion of poison.
Dowan hits you but does no damage. The crimson imp hits you.
* * * LOW HITPOINT WARNING * * *
You block Duvessa's attack.
Drink which item? (? for menu, Esc to quit)
You feel extremely strange.
You feel clever.
You feel a little hungry.
You feel stronger.
It was a potion of mutation.
You block Dowan's attack. You block the crimson imp's attack.
Duvessa hits you with an elven sabre.
* * * LOW HITPOINT WARNING * * *
Drink which item? (? for menu, Esc to quit)
You are confused.
It was a potion of confusion.
Duvessa hits you with an elven sabre.
You die...

##...................#
##.#.........[....###
##.###...........#
###...........###
#..........##
##.......#.#
##.#..#.### ##5ee#.#
##@#>## #####


You could see Duvessa, Dowan and a crimson imp.

Vanquished Creatures
  The ghost of Kabixx the Magician, an average DsWz (D:3)
  An ogre (D:4)
  A hound (D:4)
  2 worker ants (D:4)
  A scorpion (D:4)
  Terence (D:2)
  5 adders
  A giant mite (D:4)
  A worm (D:3)
  3 giant geckos
  2 orcs (D:3)
  4 bats
  2 giant cockroaches
  6 hobgoblins
  4 jackals (D:1)
  2 giant newts
  11 goblins
  A hobgoblin skeleton (D:4)
  A jackal skeleton (D:4)
  4 kobolds
  7 rats
61 creatures vanquished.

Notes
Turn   | Place    | Note
--------------------------------------------------------------
     0 | D:1      | Malachi, the Naga Fighter, began the quest for the Orb.
     0 | D:1      | Reached XP level 1. HP: 21/21 MP: 0/0
   187 | D:1      | Reached XP level 2. HP: 22/28 MP: 1/1
   594 | D:1      | Reached XP level 3. HP: 36/36 MP: 2/2
   760 | D:2      | Noticed Terence
   773 | D:2      | Killed Terence
  1142 | D:2      | Found a radiant altar of Vehumet.
  1152 | D:2      | Found a white marble altar of Elyvilon.
  1254 | D:2      | Reached XP level 4. HP: 38/43 MP: 3/3
  2385 | D:3      | Noticed Kabixx's ghost (average DsWz)
  2410 | D:3      | Killed Kabixx's ghost
  2410 | D:3      | Reached skill level 4 in Maces & Flails
  2410 | D:3      | Reached XP level 5. HP: 28/49 MP: 4/4
  2715 | D:3      | Found a bloodstained altar of Trog.
  2777 | D:4      | Reached XP level 6. HP: 55/57 MP: 5/5
  2793 | D:4      | Noticed an ogre
  2928 | D:4      | Killed an ogre
  3100 | D:4      | Found a staircase to the Ecumenical Temple.
  3145 | Temple   | Entered the Ecumenical Temple
  3190 | Temple   | Became a worshipper of Warmaster Okawaru
  3287 | D:4      | Reached skill level 5 in Shields
  3287 | D:4      | Reached XP level 7. HP: 46/63 MP: 6/6
  3418 | D:5      | Entered Level 5 of the Dungeon
  3424 | D:5      | Noticed Duvessa
  3425 | D:5      | Noticed Dowan
  3490 | D:4      | Gained mutation: Your mind is acute. (Int +2) [potion of mutation]
  3490 | D:4      | Gained mutation: You have a fast metabolism. [potion of mutation]
  3490 | D:4      | Gained mutation: Your muscles are strong. (Str +2) [potion of mutation]
  3492 | D:4      | Slain by Duvessa

Action                   |  1- 3 |  4- 6 |  7- 9 || total
-------------------------+-------+-------+-------++-------
Melee: Mace              |    92 |   163 |    14 ||   269
 Abil: Spit Poison       |     2 |     2 |     3 ||     7
  Use: Potion            |       |       |     4 ||     4
       Scroll            |       |       |     3 ||     3
